 Dungeon Crawl Stone Soup version 0.22.1-2-g9c5b331 (webtiles) character file.

55 Izlandir the Vexing (level 3, -6/28 HPs)
             Began as a Gnoll Arcane Marksman on Dec 20, 2018.
             Mangled by a worm (8 damage)
             ... on level 2 of the Dungeon.
             The game lasted 00:15:54 (1342 turns).

Izlandir the Vexing (Gnoll Arcane Marksman)         Turns: 1342, Time: 00:15:55

Health: -6/28      AC:  3    Str: 13    XL:     3   Next: 93%
Magic:  7/7        EV: 15    Int: 15    God:
Gold:   13         SH:  0    Dex: 15    Spells: 6/7 levels left

rFire    . . .     SeeInvis .   d - +0 whip
rCold    . . .     Gourm    .   (no shield)
rNeg     . . .     Faith    .   e - +0 robe
rPois    .         Spirit   .   l - +0 helmet
rElec    .         Reflect  .   (no cloak)
rCorr    .         Harm     .   (no gloves)
MR       .....     Rnd*Tele +   (no boots)
Stlth    ++........             (no amulet)
HPRegen  0.09/turn              c - ring of teleportation (curse)
MPRegen  0.10/turn              (no ring)

@: no status effects
A: distributed training, fangs 1, strong nose
a: no special abilities


You were on level 2 of the Dungeon.
You were very hungry.

You visited 1 branch of the dungeon, and saw 2 of its levels.

You collected 13 gold pieces.

Inventory:

Hand Weapons
 a - a +0 shortbow
 d - a +0 whip (weapon)
Missiles
 n - 49 bolts
Armour
 e - a +0 robe (worn)
 l - a +0 helmet (worn)
Jewellery
 c - a cursed ring of teleportation (left hand)
Scrolls
 b - a scroll of identify {unknown}
 j - a scroll of fear {unknown}
 m - a scroll of amnesia {unknown}
Potions
 i - 2 potions of curing
 k - a potion of haste {unknown}
Comestibles
 f - 6 rations


   Skills:
 + Level 2.6 Fighting
 + Level 1.0 Short Blades
 + Level 1.0 Long Blades
 + Level 1.0 Axes
 + Level 1.0 Maces & Flails
 + Level 1.0 Polearms
 + Level 1.0 Staves
 + Level 1.0 Slings
 + Level 4.6 Bows
 + Level 1.0 Crossbows
 + Level 1.0 Throwing
 + Level 1.0 Armour
 + Level 4.6 Dodging
 + Level 1.0 Stealth
 + Level 1.0 Shields
 + Level 1.0 Unarmed Combat
 + Level 2.9 Spellcasting
 + Level 0.7 Conjurations
 + Level 5.4 Hexes
 + Level 0.7 Charms
 + Level 0.7 Summonings
 + Level 0.7 Necromancy
 + Level 0.7 Translocations
 + Level 0.7 Transmutations
 + Level 0.7 Fire Magic
 + Level 0.7 Ice Magic
 + Level 0.7 Air Magic
 + Level 0.7 Earth Magic
 + Level 0.7 Poison Magic
 + Level 1.0 Invocations
 + Level 1.0 Evocations


You had 6 spell levels left.
You knew the following spells:

 Your Spells              Type           Power        Failure   Level  Hunger
a - Corona                Hex            ###....      2%          1    #......

Your spell library contained the following spells:

 Spells                   Type           Power        Failure   Level  Hunger
 Slow                     Hex            ###.....     3%          2    ##.....
 Inner Flame              Hex/Fire       ##......     17%         3    ###....
 Portal Projectile        Hex/Tloc       ##....       17%         3    ###....
 Cause Fear               Hex            ###.......   22%         4    #####..
 Leda's Liquefaction      Hex/Erth       ##........   50%         4    #####..


Dungeon Overview and Level Annotations

Branches:
Dungeon (2/15)

Altars:
Cheibriados
Elyvilon
Gozag
Kikubaaqudgha
Trog


Innate Abilities, Weirdness & Mutations

Your experience applies equally to all skills.
You have very sharp teeth.
Your uncanny sense of smell can sniff out nearby items.


Message History

Really attack while wielding your +0 shortbow? [Y]es or [N]o only, please.
Really attack while wielding your +0 shortbow?
Okay, then.
Wield which item (- for none, * to show all)? (? for menu, Esc to quit)
d - a +0 whip (weapon)
The goblin hits you but does no damage.
You hit the goblin.
The goblin is almost dead.
The goblin hits you but does no damage.
You hit the goblin.
You kill the goblin!
The gnoll closely misses you.
Things that are here:
a club; a goblin corpse A worm comes into view.
The worm bites you!
* * * LOW HITPOINT WARNING * * *
The worm bites you!
You die...

..####################g#
....... #g# ....... #.# ####+##
#.#######
####.#################........
#......gg).....................
#.##.####################......
.............g..w.....###......
#>...........g..@.......#......
#.#.......###########.#.#>.....
#.#...###.# #######.#........
#.........# #........#.......
###.#.##### #......(...#
g.....# #......##.## ###.###
#.....##...## . ....
#....##....)## #####..#
#....#.......######


You could see a worm and 2 gnolls.

Vanquished Creatures
  2 adders (D:2)
  A worm (D:2)
  A leopard gecko (D:1)
  A ball python (D:1)
  4 hobgoblins (D:1)
  3 bats
  3 frilled lizards
  8 goblins
  8 kobolds
  3 rats
34 creatures vanquished.

Notes
Turn   | Place    | Note
-------+----------+-------------------------------------------
     0 | D:1      | Izlandir the Gnoll Arcane Marksman began the quest for the
                  | Orb.
     0 | D:1      | Reached XP level 1. HP: 17/17 MP: 4/4
    98 | D:1      | Reached XP level 2. HP: 23/23 MP: 5/5
   599 | D:2      | Reached XP level 3. HP: 26/28 MP: 7/7
   688 | D:2      | Found a snail-covered altar of Cheibriados.
   720 | D:2      | Reached skill level 1 in Invocations
   970 | D:2      | Found an opulent altar of Gozag.
  1086 | D:2      | Found a bloodstained altar of Trog.
  1104 | D:2      | Found an ancient bone altar of Kikubaaqudgha.
  1112 | D:2      | Found a white marble altar of Elyvilon.
  1206 | D:2      | Reached skill level 1 in Short Blades
  1206 | D:2      | Reached skill level 1 in Long Blades
  1206 | D:2      | Reached skill level 1 in Axes
  1206 | D:2      | Reached skill level 1 in Maces & Flails
  1206 | D:2      | Reached skill level 1 in Polearms
  1206 | D:2      | Reached skill level 1 in Staves
  1206 | D:2      | Reached skill level 1 in Slings
  1206 | D:2      | Reached skill level 1 in Crossbows
  1206 | D:2      | Reached skill level 1 in Throwing
  1206 | D:2      | Reached skill level 1 in Armour
  1206 | D:2      | Reached skill level 1 in Stealth
  1206 | D:2      | Reached skill level 1 in Shields
  1206 | D:2      | Reached skill level 1 in Unarmed Combat
  1206 | D:2      | Reached skill level 1 in Evocations
  1342 | D:2      | Mangled by a worm

Skill      XL: |  1  2  3 |
---------------+----------+-----
Invocations    | 1 |  1.0
Short Blades   | 1 |  1.0
Long Blades    | 1 |  1.0
Axes           | 1 |  1.0
Maces & Flails | 1 |  1.0
Polearms       | 1 |  1.0
Staves         | 1 |  1.0
Slings         | 1 |  1.0
Crossbows      | 1 |  1.0
Throwing       | 1 |  1.0
Armour         | 1 |  1.0
Stealth        | 1 |  1.0
Shields        | 1 |  1.0
Unarmed Combat | 1 |  1.0
Evocations     | 1 |  1.0
Fighting       | |  2.6
Bows           | |  4.6
Dodging        | |  4.6
Spellcasting   | |  2.9
Conjurations   | |  0.7
Hexes          | |  5.4
Charms         | |  0.7
Summonings     | |  0.7
Necromancy     | |  0.7
Translocations | |  0.7
Transmutations | |  0.7
Fire Magic     | |  0.7
Ice Magic      | |  0.7
Air Magic      | |  0.7
Earth Magic    | |  0.7
Poison Magic   | |  0.7

Action                   || total
-------------------------++-------
Melee: Whip              ||    36
       Bite              ||     2
 Fire: Shortbow          ||    90
  Use: Potion            ||     3
Armor: Robe              ||    14
Dodge: Dodged            ||    70
